 Dungeon Crawl Stone Soup version 0.30-b1-2-g02819fbbbe (webtiles) character file.

Game seed: 1980305424612772391

33 Batma the Shield-Bearer (level 3, 0/33 HPs)
             Began as a Minotaur Fighter on June 11, 2023.
             Slain by Terence
             ... wielding a +0 mace of venom
              (6 damage)
             ... on level 2 of the Dungeon.
             The game lasted 00:04:50 (596 turns).

Batma the Shield-Bearer (Minotaur Fighter)           Turns: 596, Time: 00:04:51

Health: 0/33       AC:  7    Str: 22    XL:     3   Next: 12%
Magic:  2/2        EV:  9    Int:  5    God:
Gold:   92         SH:  4    Dex:  9    Spells: 2/2 levels left

rFire   . . .        a - +0 war axe
rCold   . . .        c - +0 buckler
rNeg    . . .        b - +0 scale mail
rPois   .            (helmet restricted)
rElec   .            (no cloak)
rCorr   .            (no gloves)
SInv    .            (no boots)
Will    .....        (no amulet) Stlth
                     (no ring)
HPRegen 0.25/turn    (no ring)
MPRegen 0.08/turn

%: no passive effects
@: mighty, lethally poisoned (0 -> -12)
A: horns 2, retaliatory headbutt
a: no special abilities


You were on level 2 of the Dungeon.
You visited 1 branch of the dungeon, and saw 2 of its levels.

You collected 92 gold pieces.

Inventory:

Hand Weapons
 a - a +0 war axe (weapon)
 f - a +0 mace
Armour
 b - a +0 scale mail (worn)
 c - a +0 buckler (worn)
 j - an orb of guile
Scrolls
 e - 2 scrolls of enchant armour {unknown}
 g - a scroll of identify {unknown}
 h - 3 scrolls of teleportation {unknown}
 i - 2 scrolls of poison {unknown}
 m - a scroll of amnesia {unknown}
Potions
 k - a potion of brilliance {unknown}
 l - 2 potions of attraction {unknown}
 n - a potion of degeneration {unknown}


   Skills:
 + Level 4.1 Fighting
 + Level 2.8 Axes
 + Level 4.0 Armour
 + Level 4.1 Shields


You had 2 spell levels left.
You didn't know any spells.
Your spell library was empty.

Dungeon Overview and Level Annotations

Branches:
Dungeon (2/15)

Altars:

Shops:
D:1 :

Annotations:
D:2 Terence


Innate Abilities, Weirdness & Mutations

You have a pair of horns on your head.
You reflexively headbutt those who attack you in melee.


Message History

The hobgoblin shouts!
You hear a shout!
Terence the Incautious comes into view.
He is wielding a +0 mace of venom.
You hit the hobgoblin. You headbutt the hobgoblin.
You kill the hobgoblin!
You see here a hobgoblin corpse.
You closely miss Terence. Terence closely misses you.
You barely miss Terence.
Terence asks, "Do you want it fast or slow?"
Terence hits you with a +0 mace of venom!
You hit Terence. Your headbutt misses Terence.
Terence is lightly wounded.
Terence hits you with a +0 mace of venom.
Terence closely misses you.
You barely miss Terence.
Terence is lightly wounded.
Terence barely misses you.
You barely miss Terence.
Terence is lightly wounded.
Terence closely misses you. x2
You barely miss Terence. Your headbutt misses Terence.
Terence is lightly wounded.
You block Terence's attack.
You barely miss Terence.
Terence is lightly wounded.
Terence hits you with a +0 mace of venom.
You are poisoned.
You feel very mighty all of a sudden.
You feel very sick. You block Terence's attack.
You barely miss Terence. Your headbutt misses Terence.
Terence is lightly wounded.
You feel very sick. Terence misses you. Terence hits you but does no damage.
You are lethally poisoned!
You completely miss Terence. Your headbutt misses Terence.
Terence is lightly wounded.
* * * LOW HITPOINT WARNING * * *
You feel very sick.
Terence hits you with a +0 mace of venom.
You die...

... ... .....# ..
....... .....#. ..
....... ..K..#....
....... .....##.>#
....... .....###.#+##
.......
............#####.......
#........#...#@(.....
#........#...@..:....
#.................###
####)........#.......#
.....................#
.....................#
.....................#
.....................#
................######
......#####.....#


You could see Terence.

Vanquished Creatures
  A bat (D:1)
  3 endoplasms (D:1)
  2 giant cockroaches (D:1)
  3 goblins (D:1)
  2 hobgoblins
  6 jackals (D:1)
  3 kobolds
  3 quokkas (D:1)
  A ball python (D:1)
  A rat (D:1)
25 creatures vanquished.

Notes
Turn   | Place    | Note
-------+----------+-------------------------------------------
     0 | D:1      | Batma the Minotaur Fighter began the quest for the Orb.
     0 | D:1      | Reached XP level 1. HP: 19/19 MP: 0/0
     0 | D:1      | Found Hyoqir's Vocational Training.
     3 | D:1      | Found a faded altar of an unknown god.
    81 | D:1      | Reached XP level 2. HP: 27/27 MP: 1/1
   460 | D:1      | Reached XP level 3. HP: 33/33 MP: 2/2
   582 | D:2      | Noticed Terence
   596 | D:2      | Slain by Terence

Illustrated notes

Levels and vault maps discovered:
D:1:      dpeg_arrival_tiny_a, layout_rooms, ebering_ecumenical_altar_webs,
          nicolae_shop_vocational
D:2:      layout_basic, chequers_decorated_corner, uniq_terence

Skill      XL: |  1  2 |
---------------+-------+-----
Shields        | 4 |  4.1
Fighting       | 4 |  4.1
Armour         | 4 |  4.0
Axes           | |  2.8

Action                     || total
---------------------------++-------
  Melee: War axe           ||    60
         Headbutt          ||     5
    Use: Potion            ||     1
 Armour: Scale mail        ||    27
  Dodge: Dodged            ||    28
  Block: Buckler           ||     8
